 Dungeon Crawl Stone Soup version 0.27-a0-1277-g3808f8b1c9 (webtiles) character file.

Game seed: 17011575911233528821

9986 Gargoyl the Fighter (level 11, 0/89 HPs)
             Began as a Gnoll Abyssal Knight on June 12, 2021.
             Was an Elder of Lugonu.
             Slain by a death yak (21 damage)
             ... on level 11 of the Dungeon.
             The game lasted 00:18:21 (13362 turns).

Gargoyl the Fighter (Gnoll Abyssal Knight)         Turns: 13362, Time: 00:18:22

Health: 0/89       AC: 19    Str: 15    XL:     11   Next: 55%
Magic:  18/20      EV: 10    Int: 11    God:    Lugonu [****..]
Gold:   780        SH:  0    Dex: 12    Spells: 22/22 levels left

rFire    . . .     SeeInvis .   c - +2 demon trident (drain)
rCold    . . .     Faith    .   (no shield)
rNeg     . . .     Spirit   .   y - +0 plate armour
rPois    .         Reflect  .   r - +0 helmet
rElec    .         Harm     .   q - +0 cloak {Will+}
rCorr    +         Rampage  .   G - +0 pair of gloves
Will     +....                  e - +0 pair of boots
Stlth    ..........             (no amulet)
HPRegen  0.24/turn              i - ring of resist corrosion
MPRegen  0.17/turn              f - +4 ring of evasion

@: about to teleport
A: fangs 1, strong nose, distributed training
a: Renounce Religion, Depart the Abyss, Bend Space, Banish, Corrupt


You were on level 11 of the Dungeon.
You worshipped Lugonu.
Lugonu was greatly pleased with you.
You visited 1 branch of the dungeon, and saw 11 of its levels.
You visited the Abyss 1 time.

You collected 780 gold pieces.

Inventory:

Hand Weapons
 a - a +1 hand axe
 c - a +2 demon trident of draining (weapon)
Missiles
 u - 47 poisoned darts (quivered)
 F - a curare-tipped dart
Armour
 e - a +0 pair of boots (worn)
 m - a scarf of repulsion
 q - a +0 cloak of willpower (worn)
 r - a +0 helmet (worn)
 y - a +0 plate armour (worn)
 G - a +0 pair of gloves (worn)
Jewellery
 f - a +4 ring of evasion (right hand)
 i - a ring of resist corrosion (left hand)
Wands
 j - a wand of iceblast (19)
 w - a wand of mindburst (15)
 B - a wand of paralysis (9)
 C - a wand of polymorph (9)
 E - a wand of acid (19)
Scrolls
 h - 4 scrolls of identify
 t - 3 scrolls of fear
 v - a scroll of fog
 x - a scroll of enchant weapon
 A - 3 scrolls of holy word
Potions
 d - a potion of haste
 g - 3 potions of invisibility
 k - 2 potions of ambrosia
 l - 5 potions of curing
 n - 3 potions of might
 p - 2 potions of attraction
 s - 5 potions of lignification
 z - 2 potions of flight
 D - a potion of heal wounds


   Skills:
 + Level 9.2 Fighting
 + Level 6.4 Short Blades
 + Level 6.4 Long Blades
 + Level 8.0 Axes
 + Level 6.4 Maces & Flails
 + Level 6.4 Polearms
 + Level 6.4 Staves
 + Level 6.4 Slings
 + Level 6.4 Bows
 + Level 6.4 Crossbows
 + Level 6.4 Throwing
 + Level 8.0 Armour
 + Level 7.0 Dodging
 + Level 6.4 Stealth
 + Level 6.4 Shields
 + Level 6.4 Unarmed Combat
 + Level 6.4 Spellcasting
 + Level 5.3 Conjurations
 + Level 5.3 Hexes
 + Level 5.3 Summonings
 + Level 5.3 Necromancy
 + Level 5.3 Translocations
 + Level 5.3 Transmutations
 + Level 5.3 Fire Magic
 + Level 5.3 Ice Magic
 + Level 5.3 Air Magic
 + Level 5.3 Earth Magic
 + Level 5.3 Poison Magic
 + Level 8.5 Invocations
 + Level 6.4 Evocations


You had 22 spell levels left.
You didn't know any spells.
Your spell library contained the following spells:

 Spells                   Type           Power      Damage    Failure   Level
 Animate Skeleton         Necr           30%        N/A       67%         1
 Apportation              Tloc           30%        N/A       67%         1
 Beastly Appendage        Tmut           30%        N/A       67%         1
 Corona                   Hex            16%        N/A       67%         1
 Pain                     Necr           60%        1d7       67%         1
 Sting                    Tmut/Pois      60%        1d6       67%         1
 Summon Small Mammal      Summ           60%        N/A       67%         1
 Poisonous Vapours        Pois/Air       30%        N/A       82%         2
 Wereblood                Tmut           15%        N/A       82%         2
 Ignite Poison            Fire/Tmut/Pois 15%        N/A       96%         3
 Mephitic Cloud           Conj/Pois/Air  15%        N/A       96%         3
 Spider Form              Tmut/Pois      7%         N/A       96%         3
 Ice Form                 Ice/Tmut       15%        N/A       100%        4
 Olgreb's Toxic Radiance  Pois           15%        N/A       100%        4
 Fireball                 Conj/Fire      7%         3d5       100%        5
 Yara's Violent Unravell  Hex/Tmut       7%         3d5       100%        5
 Eringya's Noxious Bog    Tmut/Pois      7%         N/A       100%        6
 Starburst                Conj/Fire      7%         8x6d4     100%        6
 Discord                  Hex            7%         N/A       100%        8
 Ignition                 Fire           7%         3d5       100%        8


Dungeon Overview and Level Annotations

Branches:
Dungeon (11/15)            Temple (0/1) D:4            Lair (0/6) D:11
    Orc (0/2) D:10

Altars:
Cheibriados
Elyvilon
Kikubaaqudgha
Nemelex Xobeh
Ru
Sif Muna
Trog
Uskayaw
Vehumet
Xom
The Shining One

Shops:
D:1 ?   D:7 *   D:8 *

Annotations:
D:11 Grum


Innate Abilities, Weirdness & Mutations

You have very sharp teeth.
Your uncanny sense of smell can sniff out nearby items.
Your experience applies equally to all skills.


Message History

You hear a bellow!
Found a staircase to the Lair.
Press: ? - help, Shift-Dir - straight line, f - acid dragon
Aim: an acid dragon (catching its breath, chance to affect: 85%)
The acid dragon is devoured by a tear in reality.
Lugonu claims a new guest.
You hear a bellow!
You hear a shout!
Your Axes skill increases to level 8!
Your Armour skill increases to level 8!
Your Dodging skill increases to level 7! 3 yaks and a death yak come into view.
The yak bellows! x2; You hear a shout!
A yak comes into view.
A deep elf pyromancer comes into view. It is wielding a +0 long sword.
The yak moves out of view.
Found a scroll of vulnerability.
A death yak comes into view.
The death yak bellows!
The yak snorts and paws the ground.
The yak snorts and paws the ground.
A troll opens the door.
The death yak gores you.
* * * LOW HITPOINT WARNING * * *
Grum barely misses you.
Your plate armour prevents you from hitting the yak.
You bite the yak, but do no damage.
The deep elf pyromancer casts a spell.
The deep elf pyromancer blinks!
The death yak gores you but does no damage.
Unknown command.
Blink to where?
Press: ? - help, Dir - move target
As you read the scroll of blinking, it crumbles to dust.
Found an arbalest.
As you read the scroll of teleportation, it crumbles to dust.
You feel strangely unstable.
Your surroundings seem slightly different.
The deep elf pyromancer mumbles some strange words.
Unknown command.
As you read the scroll of teleportation, it crumbles to dust.
You feel strangely unstable. The death yak gores you!!
You die...

*,,,,,........#.........
#....#....#.....#.......
#......#..)....##.......
*........>Tg..###.(.....
*,.........#..# #.......
***#....#..Y..# #.....).
#.....#YE..# ####.###
#.....eY...# #.#
#...@YY....# #.#
#..........# ##.###
#...).###### #.....
####### #..... #.....
#..... #..... #.....
######


You could see a death yak, a deep elf pyromancer, Grum, 4 yaks, a troll and a
fire elemental (summoned).

Vanquished Creatures
  3 two-headed ogres
  A death yak (D:11)
  The ghost of Delamore the Basher, a novice FoFi of Okawaru (D:8)
  A cyclops (D:11)
  Maurice (D:9)
  A komodo dragon (D:11)
  2 hornets
  A shadow (D:11)
  A steam dragon (D:7)
  An acid dragon (D:9)
  2 water moccasins
  4 orc warriors
  2 black bears (D:7)
  An ice beast (D:5)
  An ogre (D:5)
  2 necrophages
  2 centaurs
  3 wolves (D:11)
  4 kobold brigands
  3 bullfrogs
  A gnoll sergeant (D:7)
  2 wyvern zombies
  A water moccasin zombie (D:5)
  3 scorpions
  5 killer bees (D:10)
  6 howler monkeys
  2 centaur zombies
  A hound (D:7)
  A centaur skeleton (D:5)
  5 orc priests
  Crazy Yiuf (D:3)
  4 iguanas
  Natasha (thrice) (D:3)
  8 orc wizards
  A hound zombie (D:5)
  9 gnolls
  9 adders
  A shadow imp (D:5)
  3 white imps
  A dart slug (D:3)
  2 worms
  16 orcs
  4 endoplasms
  3 giant cockroaches
  10 hobgoblins
  11 jackals
  6 quokkas
  14 ball pythons
  8 bats
  3 frilled lizards
  8 goblins
  31 kobolds
  11 rats
231 creatures vanquished.

Vanquished Creatures (others)
  A howler monkey zombie (D:8)
  2 fungi (D:3)
3 creatures vanquished.

Grand Total: 234 creatures vanquished

Notes
Turn   | Place    | Note
-------+----------+-------------------------------------------
     0 | Abyss:1  | Gargoyl the Gnoll Abyssal Knight began the quest for the
                  | Orb.
     0 | Abyss:1  | Reached XP level 1. HP: 23/23 MP: 3/3
    87 | Abyss:4  | Noticed an efreet
    92 | D:1      | Escaped the Abyss
   184 | D:1      | Found Daluk's Magic Scroll Emporium.
   419 | D:1      | Reached XP level 2. HP: 28/29 MP: 5/5
  1027 | D:1      | Reached * piety under Lugonu
  1028 | D:1      | Reached XP level 3. HP: 34/35 MP: 6/6
  1757 | D:2      | Reached skill level 1 in Short Blades
  1757 | D:2      | Reached skill level 1 in Long Blades
  1757 | D:2      | Reached skill level 1 in Maces & Flails
  1757 | D:2      | Reached skill level 1 in Polearms
  1757 | D:2      | Reached skill level 1 in Staves
  1757 | D:2      | Reached skill level 1 in Slings
  1757 | D:2      | Reached skill level 1 in Bows
  1757 | D:2      | Reached skill level 1 in Crossbows
  1757 | D:2      | Reached skill level 1 in Throwing
  1757 | D:2      | Reached skill level 1 in Stealth
  1757 | D:2      | Reached skill level 1 in Shields
  1757 | D:2      | Reached skill level 1 in Unarmed Combat
  1757 | D:2      | Reached skill level 1 in Spellcasting
  1757 | D:2      | Reached skill level 1 in Evocations
  1786 | D:2      | Reached XP level 4. HP: 41/41 MP: 7/7
  2544 | D:2      | Reached skill level 1 in Conjurations
  2544 | D:2      | Reached skill level 1 in Hexes
  2544 | D:2      | Reached skill level 1 in Summonings
  2544 | D:2      | Reached skill level 1 in Necromancy
  2544 | D:2      | Reached skill level 1 in Translocations
  2544 | D:2      | Reached skill level 1 in Transmutations
  2544 | D:2      | Reached skill level 1 in Fire Magic
  2544 | D:2      | Reached skill level 1 in Ice Magic
  2544 | D:2      | Reached skill level 1 in Air Magic
  2544 | D:2      | Reached skill level 1 in Earth Magic
  2544 | D:2      | Reached skill level 1 in Poison Magic
  2654 | D:3      | Reached XP level 5. HP: 34/47 MP: 8/8
  2777 | D:3      | Noticed a necrophage
  2800 | D:3      | Killed a necrophage
  2801 | D:3      | Reached skill level 5 in Invocations
  3021 | D:3      | Reached XP level 6. HP: 51/53 MP: 9/9
  3092 | D:3      | Found a radiant altar of Vehumet.
  3095 | D:3      | Found a shimmering altar of Xom.
  3132 | D:3      | Found a runed translucent door.
  3133 | D:3      | Noticed Crazy Yiuf
  3197 | D:3      | Found a hide-covered altar of Uskayaw.
  3243 | D:3      | Reached ** piety under Lugonu
  3335 | D:3      | Noticed Natasha
  3343 | D:3      | Killed Natasha
  3458 | D:3      | Noticed Natasha
  3468 | D:3      | Killed Natasha
  3571 | D:3      | Noticed Natasha
  3580 | D:3      | Killed Natasha
  3581 | D:3      | Reached skill level 5 in Axes
  3581 | D:3      | Reached skill level 5 in Armour
  3794 | D:3      | Killed Crazy Yiuf
  4441 | D:4      | Reached XP level 7. HP: 57/59 MP: 10/10
  4537 | D:4      | Reached skill level 7 in Fighting
  4575 | D:4      | Found a staircase to the Ecumenical Temple.
  4761 | D:5      | Entered Level 5 of the Dungeon
  4907 | D:4      | Reached *** piety under Lugonu
  5320 | D:5      | Found an ancient bone altar of Kikubaaqudgha.
  5387 | D:5      | Reached XP level 8. HP: 51/67 MP: 12/12
  6759 | D:6      | Found a shimmering blue altar of Sif Muna.
  6981 | D:6      | Identified Sif Muna's Disquisition on Stolen Souls
  6987 | D:6      | Found a bloodstained altar of Trog.
  7440 | D:7      | Found Emouwn's Lightly-Used Armoury.
  7470 | D:7      | Reached XP level 9. HP: 31/72 MP: 14/14
  8145 | D:7      | Found a sparkling altar of Nemelex Xobeh.
  8193 | D:7      | Reached skill level 5 in Dodging
  8314 | D:7      | Found a sacrificial altar of Ru.
  8503 | D:8      | Reached **** piety under Lugonu
  8522 | D:8      | Identified a scroll of acquirement
  8522 | D:8      | Acquired a scarf of repulsion
  8758 | D:8      | Found Jazuleim's Demolitions Depot.
  8831 | D:8      | Reached skill level 8 in Fighting
  9108 | D:8      | Found a runed translucent door.
  9111 | D:8      | Noticed Delamore's ghost (novice FoFi)
  9139 | D:8      | Killed Delamore's ghost
  9140 | D:8      | Reached XP level 10. HP: 35/80 MP: 15/17
  9426 | D:8      | Found a glowing golden altar of the Shining One.
  9426 | D:8      | Found a white marble altar of Elyvilon.
  9632 | D:9      | Noticed Maurice
  9655 | D:9      | Killed Maurice
  9656 | D:9      | Reached skill level 5 in Short Blades
  9656 | D:9      | Reached skill level 5 in Long Blades
  9656 | D:9      | Reached skill level 5 in Maces & Flails
  9656 | D:9      | Reached skill level 5 in Polearms
  9656 | D:9      | Reached skill level 5 in Staves
  9656 | D:9      | Reached skill level 5 in Slings
  9656 | D:9      | Reached skill level 5 in Bows
  9656 | D:9      | Reached skill level 5 in Crossbows
  9656 | D:9      | Reached skill level 5 in Throwing
  9656 | D:9      | Reached skill level 5 in Stealth
  9656 | D:9      | Reached skill level 5 in Shields
  9656 | D:9      | Reached skill level 5 in Unarmed Combat
  9656 | D:9      | Reached skill level 5 in Spellcasting
  9656 | D:9      | Reached skill level 5 in Evocations
 10048 | D:9      | Noticed a centaur warrior
 10069 | D:9      | Banished a centaur warrior
 10767 | D:10     | Entered Level 10 of the Dungeon
 11498 | D:10     | Noticed a two-headed ogre
 11520 | D:10     | Killed a two-headed ogre
 11521 | D:10     | Reached XP level 11. HP: 87/87 MP: 19/19
 11571 | D:10     | Found a staircase to the Orcish Mines.
 12155 | D:11     | Noticed a two-headed ogre
 12165 | D:11     | Killed a two-headed ogre
 12166 | D:11     | Reached skill level 9 in Fighting
 12393 | D:11     | Noticed a two-headed ogre
 12403 | D:11     | Killed a two-headed ogre
 12404 | D:11     | Reached skill level 5 in Conjurations
 12404 | D:11     | Reached skill level 5 in Hexes
 12404 | D:11     | Reached skill level 5 in Summonings
 12404 | D:11     | Reached skill level 5 in Necromancy
 12404 | D:11     | Reached skill level 5 in Translocations
 12404 | D:11     | Reached skill level 5 in Transmutations
 12404 | D:11     | Reached skill level 5 in Fire Magic
 12404 | D:11     | Reached skill level 5 in Ice Magic
 12404 | D:11     | Reached skill level 5 in Air Magic
 12404 | D:11     | Reached skill level 5 in Earth Magic
 12404 | D:11     | Reached skill level 5 in Poison Magic
 12771 | D:11     | Noticed a death yak
 12799 | D:11     | Killed a death yak
 12915 | D:11     | Identified the Catalogue of Poisonous Beguiling
 12936 | D:11     | Noticed a cyclops
 12946 | D:11     | Killed a cyclops
 13222 | D:11     | Found a snail-covered altar of Cheibriados.
 13299 | D:11     | Noticed Grum
 13349 | D:11     | Found a staircase to the Lair.
 13351 | D:11     | Noticed a death yak
 13351 | D:11     | Noticed a deep elf pyromancer
 13352 | D:11     | Noticed a death yak
 13362 | D:11     | Slain by a death yak

Illustrated notes

Levels and vault maps discovered:
D:1:      dpeg_arrival_tiny_d, layout_basic, serial_shops, shop
D:2:      layout_basic, minivault_5, minmay_misc_feat_tower, st_stairs_8,
          hangedman_decor_lopped
D:3:      layout_rooms, lemuel_coloured_pillars_altar, minitemple,
          kennysheep_cross_bottleneck, minmay_stone_trees_medium,
          kennysheep_potato, uniq_natasha, uniq_crazy_yiuf_cottage
D:4:      layout_basic, minmay_temple_entry_butterflies, minmay_liquid_box,
          minivault_19, minmay_snake_closets
D:5:      layout_loops_ring, nicolae_kikubaaqudgha_miasma_corner,
          amcnicky_mini_rare_corridor_liquid
D:6:      layout_rooms, nzn_overflow_gifts_of_might_and_magic,
          skrybe_limestone_x
D:7:      layout_rooms, nicolae_ru_great_annihilating_truth,
          nemelex_altar_shiori, amcnicky_mini_corridor_feature,
          minmay_shop_damaged, minmay_checkerbox
D:8:      layout_loops_ring, gammafunk_temple_overflow_statue,
          ebering_ghost_reflecting_pool, nicolae_blasting_shop
D:9:      layout_rooms, hangedman_decor_diamond_cutter, uniq_maurice
D:10:     layout_roguey, orc_0_dummy, small_statue_intersection,
          lemuel_flamethrower_2
D:11:     layout_roguey, dpeg_lair_monsters, slow_altar_2, uniq_grum

Skill      XL: |  1  2  3  4  5  6  7  8  9 10 11 |
---------------+----------------------------------+-----
Short Blades   | 1 2 3 4 5 6 |  6.4
Long Blades    | 1 2 3 4 5 6 |  6.4
Maces & Flails | 1 2 3 4 5 6 |  6.4
Polearms       | 1 2 3 4 5 6 |  6.4
Staves         | 1 2 3 4 5 6 |  6.4
Slings         | 1 2 3 4 5 6 |  6.4
Bows           | 1 2 3 4 5 6 |  6.4
Crossbows      | 1 2 3 4 5 6 |  6.4
Throwing       | 1 2 3 4 5 6 |  6.4
Stealth        | 1 2 3 4 5 6 |  6.4
Shields        | 1 2 3 4 5 6 |  6.4
Unarmed Combat | 1 2 3 4 5 6 |  6.4
Spellcasting   | 1 2 3 4 5 6 |  6.4
Evocations     | 1 2 3 4 5 6 |  6.4
Conjurations   | 1 2 3 4 5 |  5.3
Hexes          | 1 2 3 4 5 |  5.3
Summonings     | 1 2 3 4 5 |  5.3
Necromancy     | 1 2 3 4 5 |  5.3
Translocations | 1 2 3 4 5 |  5.3
Transmutations | 1 2 3 4 5 |  5.3
Fire Magic     | 1 2 3 4 5 |  5.3
Ice Magic      | 1 2 3 4 5 |  5.3
Air Magic      | 1 2 3 4 5 |  5.3
Earth Magic    | 1 2 3 4 5 |  5.3
Poison Magic   | 1 2 3 4 5 |  5.3
Dodging        | 3 4 5 6 7 |  7.0
Invocations    | 5 6 7 8 |  8.5
Axes           | 5 6 7 8 |  8.0
Armour         | 5 6 7 8 |  8.0
Fighting       | 7 8 9 |  9.2

Action                   |  1- 3 |  4- 6 |  7- 9 | 10-12 || total
-------------------------+-------+-------+-------+-------++-------
Melee: Demon trident     |    70 |   154 |   341 |   247 ||   812
       Bite              |     4 |     8 |    26 |    17 ||    55
       Punch             |       |     1 |     3 |     6 ||    10
       Unarmed           |       |       |       |     9 ||     9
Throw: Dart              |       |       |       |    29 ||    29
Invok: Depart the Abyss  |     1 |       |       |       ||     1
       Banish            |       |       |       |     3 ||     3
       Bend Space        |       |       |       |     1 ||     1
  Use: Scroll            |     4 |     4 |     8 |     9 ||    25
       Potion            |     1 |       |     1 |     3 ||     5
 Stab: Sleeping          |       |       |     1 |       ||     1
       Paralysed         |       |       |     1 |       ||     1
Armor: Leather armour    |    23 |     5 |       |       ||    28
       Ring mail         |       |    72 |    16 |       ||    88
       Chain mail        |       |       |   127 |       ||   127
       Plate armour      |       |       |    64 |   189 ||   253
       Skin              |       |       |       |     2 ||     2
Dodge: Dodged            |    63 |   118 |   219 |   162 ||   562

Table legend: (Time is in decaauts)
 A = Elapsed time spent in this place.
 B = Non-inter-level travel time spent in this place.
 C = Inter-level travel time spent in this place.
 D = Time resting spent in this place.
 E = Time spent auto-exploring this place.
 F = Levels seen in this place.
 G = Mean time per level.
                   A        B        C        D        E       F      G
               +--------+--------+--------+--------+--------+-----+--------+
         Total |  13461 |  13097 |    364 |   1092 |   9729 |  15 |  897.4 |
       Dungeon |  13371 |  13007 |    364 |   1092 |   9685 |  11 | 1215.5 |
         Abyss |     90 |     90 |      0 |      0 |     44 |   4 |   22.5 |
               +--------+--------+--------+--------+--------+-----+--------+

Top non-repeatable levels by time:
     D:2: 1416 daAuts
    D:10: 1346 daAuts
     D:4: 1326 daAuts
     D:7: 1275 daAuts
    D:11: 1244 daAuts
     D:3: 1222 daAuts
     D:5: 1191 daAuts
     D:8: 1151 daAuts
     D:1: 1147 daAuts
     D:9: 1140 daAuts
     D:6: 908 daAuts
 Abyss:1: 37 daAuts
 Abyss:2: 26 daAuts
 Abyss:4: 14 daAuts
 Abyss:3: 12 daAuts
